 Dungeon Crawl Stone Soup version 0.31.0-32-g396128a36d (webtiles) character file.

Game seed: 10305018828670389680

10528 mainiacjoe the Nimble (level 11, -2/72 HPs)
             Began as an Octopode Fire Elementalist on Apr 4, 2024.
             Was a Believer of Hepliaklqana.
             Slain by a yak (7 damage)
             ... on level 8 of the Dungeon on Apr 5, 2024.
             The game lasted 00:40:23 (9955 turns).

mainiacjoe the Nimble (Octopode Fire Elementalist)  Turns: 9955, Time: 00:40:23

Health: -2/72      AC:  5    Str:  8    XL:     11   Next: 63%
Magic:  16/18      EV: 18    Int: 28    God:    Hepliaklqana [**....]
Gold:   317        SH:  0    Dex: 15    Spells: 10/20 levels left

rFire   . . .        a - +6 hand axe "Deczig" {drain, Dex+3}
rCold   . . .        (no shield)
rNeg    + . .        (helmet restricted)
rPois   .            (no amulet)
rElec   .            i - ring of see invisible
rCorr   .            k - ring of positive energy
SInv    +            s - +4 ring of protection
Will    .....        A - +6 ring of intelligence
Stlth   +++++        (no ring)
HPRegen 0.32/turn    (no ring)
MPRegen 0.16/turn    (no ring)
                     (no ring)

%: no passive effects
@: about to teleport
A: reduced essence, almost no armour, amphibious, 8 rings, camouflage 1,
gelatinous body 1, (nimble swimmer 1), tentacles
a: Renounce Religion, Recall Ancestor, Ancestor Identity


You were on level 8 of the Dungeon.
You worshipped Hepliaklqana.
Hepliaklqana was pleased with you.
You visited 2 branches of the dungeon, and saw 10 of its levels.

You collected 436 gold pieces.
You spent 119 gold pieces at shops.

Inventory:

Hand Weapons
 a - the +6 hand axe "Deczig" (weapon) {drain, Dex+3}
   (You found it on level 4 of the Dungeon)

   Dex+3:     It affects your dexterity (+3).
 b - a +0 orcbow
 f - a +2 long sword of holy wrath
 n - a +2 dagger of venom
 w - a +3 scimitar of venom
 F - a +2 rapier of venom
 K - a +0 whip of electrocution
 N - a +0 sling
Missiles
 c - 75 stones
 h - 50 poisoned darts
 q - a curare-tipped dart {=F}
 r - 4 atropa-tipped darts {=F}
 v - 6 silver javelins
 D - 14 boomerangs
 J - 9 javelins
Armour
 C - a +0 kite shield of protection
Magical Staves
 g - a staff of cold
Jewellery
 i - a ring of see invisible (left tentacle)
 k - a ring of positive energy (right tentacle)
 s - a +4 ring of protection (on tentacle)
 A - a +6 ring of intelligence (on tentacle)
Wands
 u - a wand of acid (6)
 z - a wand of charming (20)
Scrolls
 p - 2 scrolls of noise
 y - 2 scrolls of teleportation
 E - 2 scrolls of immolation
 M - 2 scrolls of identify
Potions
 d - a potion of enlightenment
 e - 2 potions of magic
 j - 3 potions of brilliance
 l - 2 potions of lignification
 m - 3 potions of mutation
 o - a potion of berserk rage
 t - 2 potions of attraction
 x - 3 potions of might
 B - a potion of degeneration {unknown}
 G - a potion of heal wounds
 H - 2 potions of curing
 I - a potion of invisibility {unknown}
 L - a potion of haste {unknown}


   Skills:
 + Level 9.5 Fighting
 + Level 9.8 Dodging
 - Level 9.5 Stealth
 - Level 5.0 Spellcasting
 * Level 4.8 Conjurations
 - Level 8.0 Fire Magic
 - Level 5.4 Evocations


You had 10 spell levels left.
You knew the following spells:

 Your Spells              Type           Power      Damage    Failure   Level
a - Foxfire               Conj/Fire      100%       2x1d9     1%          1
b - Scorch                Fire           100%       2d9       1%          2
c - Inner Flame           Hex/Fire       29%        N/A       3%          3
d - Flame Wave            Conj/Fire      42%        2d11      4%          4

Your spell library contained the following spells:

 Spells                   Type           Power      Damage    Failure   Level
 Volatile Blastmotes      Fire/Tloc      58%        2d14      3%          3
 Tukima's Dance           Hex            7%         N/A       21%         3
 Iskenderun's Mystic Bla  Conj/Tloc      20%        2d6       26%         4
 Dimensional Bullseye     Hex/Tloc       3%         N/A       54%         4
 Conjure Ball Lightning   Conj/Air       10%        3x3d6     98%         6
 Discord                  Hex            3%         N/A       100%        8
 Disjunction              Tloc           3%         N/A       100%        8


Dungeon Overview and Level Annotations

Branches:
Dungeon (9/15)             Temple (1/1) D:5
   Lair: D:8-11         Orc: D:9-12

Altars:
Ashenzari
Cheibriados
Dithmenos
Elyvilon
Fedhas
Gozag
Hepliaklqana
Kikubaaqudgha
Makhleb
Nemelex Xobeh
Okawaru
Qazlal
Ru
Sif Muna
Trog
Uskayaw
Vehumet
Wu Jian
Xom
Yredelemnul
Zin
The Shining One

Shops:
D:1 *

Annotations:
D:3 Grinder
D:8 exclusion: statue


Innate Abilities, Weirdness & Mutations

Your life essence is reduced to manifest your ancestor. (-10% HP)
You cannot wear most types of armour.
You are amphibious.
You can wear up to eight rings at the same time.
Your skin changes colour to match your surroundings (Stealth+).
Your rubbery body absorbs attacks. (AC +1, EV +1)
((You are camouflaged when in or above water. (Stealth+)))
You have tentacles for arms and can constrict up to eight enemies at once.


Message History

The yak bellows! x4; The wyvern hisses angrily.
The yak bellows!
The gnoll shouts!
The yak gores you!
You hear a shout!
There is a stone staircase leading up, spattered with blood here.
The wyvern bites you! The yak misses you. The yak gores you!
The wyvern bites you!
You climb upwards.
Level annotation: exclusion: statue
There is a stone staircase leading down, spattered with blood here.
Aahotepre is recalled.
The wyvern misses you. The yak gores you but does no damage.
The yak gores you! x2
* * * LOW HITPOINT WARNING * * *
As you read the scroll of teleportation, it crumbles to dust.
You feel strangely unstable. The wyvern barely misses you. The yak gores you.
* * * LOW HITPOINT WARNING * * *
The yak closely misses you. The yak barely misses you. The wyvern bites you.
* * * LOW HITPOINT WARNING * * *
Aahotepre barely misses the yak.
Okay, then.
Okay, then.
You feel much better. The wyvern bites you! The yak barely misses you.
The yak completely misses you. The yak closely misses you.
Aahotepre hits the yak with a +0 quarterstaff!
You feel agile.
You sense an unholy aura.
a - the +6 hand axe "Deczig" (weapon)
{drain, Dex+3} The wyvern misses you.
The yak gores you!
* * * LOW HITPOINT WARNING * * *
The yak misses you. The yak closely misses you.
You slash the yak! You squeeze the yak.
The yak is moderately wounded.
You hit the yak. You hit the wyvern. You barely miss the yak.
The wyvern misses you.
Aahotepre casts a spell at the yak.
The stone arrow misses the yak.
The wyvern closely misses you. The yak barely misses you. The yak gores you!
* * * LOW HITPOINT WARNING * * *
The yak gores you!
You die...

##...#.....# #.....####..
#...######.## ##.##### #..
#.#######...# #...### #..
#.####....♣.## ##..)'.#####..
#......##....# #....#.>...... ###
######.###...###...#######..#
#.## #...#....#....#.# #.##
.#.#######...##..Y....##.# #.##
#...........###k@...>.##.# #.##
###############YRY....##.#####.#.
#...........##....#....#..##.....
#.########..##...###...##)##.#.#.
#.# ##..#....# #....#.##.#.##
#.#######.....♣.## ##.♣.'.##.#.##
#.##....#..##...# #...####.<...
#.##.##.#.####'## ##'## ######
#.....#.#.####.# #.##### #


You could see the friendly Aahotepre the battlemage, 3 yaks and a wyvern.

Vanquished Creatures
  A two-headed ogre (D:8)
  Pikel (D:8)
  A kobold demonologist (D:6)
  2 hornets
  Sigmund (D:3)
  A wyvern (D:7)
  9 yaks (D:8)
  3 water moccasins
  A black bear (D:4)
  3 orc warriors
  2 ogres
  3 lemures
  A centaur (D:8)
  Blork the orc (D:4)
  2 kobold brigands
  5 bullfrogs
  3 scorpions
  4 wights (D:6)
  6 killer bees
  4 howler monkeys
  6 bombardier beetles
  A hound (D:5)
  6 orc priests
  4 iguanas
  Jessica (D:3)
  2 sleepcaps (D:5)
  3 orc wizards
  Robin (D:2)
  10 gnolls
  7 adders
  2 shadow imps
  3 white imps
  2 ufetubi (D:5)
  A ribbon worm (D:4)
  2 dart slugs (D:1)
  21 orcs
  6 endoplasms
  3 giant cockroaches
  8 goblins
  5 hobgoblins
  6 jackals
  3 quokkas
  6 ball pythons
  3 bats
  4 frilled lizards (D:2)
  17 kobolds
  A rat (D:2)
188 creatures vanquished.

Vanquished Creatures (collateral kills)
  A yak (D:8)
  A water moccasin (D:9)
  2 killer bees
  2 orc priests
  A gnoll bouda (D:9)
  2 orcs (D:7)
9 creatures vanquished.

Vanquished Creatures (others)
  2 ancestors (D:8)
  249 foxfires
251 creatures vanquished.

Grand Total: 448 creatures vanquished

Notes
Turn   | Place    | Note
-------+----------+-------------------------------------------
     0 | D:1      | mainiacjoe the Octopode Fire Elementalist began the quest
                  | for the Orb.
     0 | D:1      | Reached XP level 1. HP: 11/11 MP: 3/3
    89 | D:1      | Found Qoseun's Assorted Antiques.
   302 | D:1      | Reached XP level 2. HP: 17/17 MP: 0/5
   379 | D:1      | Learned a level 2 spell: Scorch
   979 | D:2      | Found an iron altar of Okawaru.
  1063 | D:2      | Reached XP level 3. HP: 18/21 MP: 4/7
  1067 | D:2      | Learned a level 3 spell: Inner Flame
  1193 | D:2      | Noticed Robin
  1212 | D:2      | Killed Robin
  1682 | D:1      | Bought a metallic pink potion for 19 gold pieces
  1682 | D:1      | Bought a fuming ruby potion for 19 gold pieces
  1682 | D:1      | Bought a scroll labelled RIDEOS XITELL for 22 gold pieces
  1914 | D:3      | Reached XP level 4. HP: 27/27 MP: 3/8
  1969 | D:3      | Noticed Jessica
  1972 | D:3      | Killed Jessica
  2025 | D:3      | Found a faded altar of an unknown god.
  2103 | D:3      | Noticed Sigmund
  2262 | D:3      | Reached skill level 5 in Fire Magic
  2262 | D:3      | Reached XP level 5. HP: 31/31 MP: 1/9
  2530 | D:3      | Killed Sigmund
  2531 | D:3      | Reached XP level 6. HP: 36/36 MP: 2/10
  2721 | D:1      | Bought 3 glowing white potions for 59 gold pieces
  2901 | D:3      | Noticed Grinder
  3008 | D:4      | Identified the +6 hand axe "Deczig" {drain, Dex+3}
  3025 | D:4      | Noticed Blork the orc
  3030 | D:4      | Killed Blork the orc
  3120 | D:4      | Noticed a black bear
  3313 | D:4      | Reached XP level 7. HP: 41/41 MP: 5/11
  3763 | D:4      | HP: 1/41 [water moccasin (2)]
  3767 | D:4      | Reached skill level 5 in Stealth
  4091 | D:5      | Entered Level 5 of the Dungeon
  4419 | D:5      | Reached XP level 8. HP: 47/47 MP: 6/12
  4489 | D:5      | Reached skill level 1 in Fighting
  4945 | D:5      | Found a staircase to the Ecumenical Temple.
  4954 | Temple   | Entered the Ecumenical Temple
  4967 | Temple   | Became a worshipper of Hepliaklqana the Forgotten
  5219 | D:5      | Found an ancient bone altar of Kikubaaqudgha.
  5270 | D:5      | Found a hide-covered altar of Uskayaw.
  5517 | D:6      | Reached skill level 5 in Dodging
  5517 | D:6      | Reached XP level 9. HP: 53/59 MP: 3/13
  5683 | D:6      | Noticed a kobold demonologist
  5689 | D:6      | Killed a kobold demonologist
  5690 | D:6      | Reached skill level 5 in Fighting
  5913 | D:6      | Found a shimmering altar of Xom.
  6313 | D:6      | Found a snail-covered altar of Cheibriados.
  7530 | D:7      | Reached * piety under Hepliaklqana
  7566 | D:7      | Reached XP level 10. HP: 53/62 MP: 0/17
  7675 | D:7      | Reached skill level 5 in Spellcasting
  7890 | D:7      | Found a shadowy altar of Dithmenos.
  7973 | D:7      | Reached skill level 5 in Evocations
  7973 | D:7      | Reached XP level 11. HP: 70/70 MP: 18/18
  7979 | D:7      | Learned a level 4 spell: Flame Wave
  8156 | D:8      | Noticed Pikel
  8211 | D:8      | Noticed a two-headed ogre
  8642 | D:8      | Killed Pikel
  8746 | D:8      | Killed a two-headed ogre
  9003 | D:8      | Found a radiant altar of Vehumet.
  9053 | D:8      | Found a glowing silver altar of Zin.
  9056 | D:8      | Found a burning altar of Makhleb.
  9058 | D:8      | Noticed a cacodemon
  9060 | D:8      | Noticed an angel
  9501 | D:8      | Identified the +1 robe "Amuhaceu" {Harm Will- Int+3 SInv}
  9825 | D:9      | Reached ** piety under Hepliaklqana
  9827 | D:9      | Remembered your ancestor Aahotepre as a battlemage
  9955 | D:8      | Slain by a yak

Illustrated notes

Levels and vault maps discovered:
D:1:      psy_arrival_heroes, layout_basic, serial_shops, shop_fountains
D:2:      layout_basic, basic_altar, minmay_lizard_pond, uniq_robin
D:3:      layout_basic, basic_ecumenical_altar, uniq_sigmund, uniq_grinder,
          uniq_jessica
D:4:      layout_layer_cave, eino_tiny_chamber, uniq_blork_the_orc
D:5:      layout_rooms, jmf_multi_god_temple2, minmay_temple_entry_glassed_door,
          kennysheep_nub
D:6:      layout_basic, mainiacjoe_overflow_small_starburst,
          mainiacjoe_overflow_alcove_4
D:7:      layout_cave_pools, grunt_dithmenos_shadows
D:8:      layout_loops_ring, grunt_temple_overflow_order_and_chaos_2,
          vehumet_statue, serial_co_window_serial, co_window_paths_a,
          co_window_corner_a, co_window_paths_b, co_window_of_opportunity_a,
          co_window_corner_a, co_window_corner_a, co_window_corner_b,
          co_window_2corner, co_window_2corner, co_window_of_opportunity_b,
          co_window_broadway_a, co_window_paths_e, glass_columns_a,
          glass_columns_b, grunt_ministairs_13, uniq_pikel
D:9:      bobbens_index_wilting_gardens, layout_irregular_city, david_orc_2
Temple:   zaba_magenta_temple

Skill      XL: |  1  2  3  4  5  6  7  8  9 10 11 |
---------------+----------------------------------+-----
Spellcasting   | 3 4 5 |  5.0
Fire Magic     | 4 5 6 7 8 |  8.0
Stealth        | 6 9 |  9.5
Fighting       | 4 6 8 9 |  9.5
Dodging        | 5 7 9 |  9.8
Evocations     | 5 |  5.4
Conjurations   | 4 |  4.8

Action                     |  1- 3 |  4- 6 |  7- 9 | 10-12 || total
---------------------------+-------+-------+-------+-------++-------
  Melee: Spear             |    41 |    11 |       |       ||    52
         Constrict         |     9 |     4 |    15 |     8 ||    36
         Tentacles         |     1 |     2 |     9 |     7 ||    19
         Punch             |     2 |       |     1 |       ||     3
         Falchion          |       |    11 |       |       ||    11
         Hand axe          |       |     4 |    57 |    37 ||    98
   Fire: Sling             |       |       |     5 |       ||     5
  Throw: Javelin           |       |       |     2 |       ||     2
   Cast: Foxfire           |    35 |    15 |    82 |    21 ||   153
         Scorch            |     3 |    11 |    64 |    12 ||    90
         Inner Flame       |       |     3 |    18 |    18 ||    39
 Invoke: Recall Ancestor   |       |       |       |     1 ||     1
         Ancestor Life: Ba |       |       |       |     1 ||     1
    Use: Scroll            |     5 |     3 |    12 |     4 ||    24
         Potion            |       |     1 |     6 |     2 ||     9
   Stab: Sleeping          |     4 |     4 |     2 |     1 ||    11
 Armour: Skin              |    12 |    13 |    81 |    32 ||   138
  Dodge: Dodged            |    21 |    14 |   127 |    57 ||   219
